[Event "Late-Titled-Tuesday-Blitz-May-14-2024"]
[Site "Chess.com"]
[Date "2024.05.14"]
[Round "1"]
[White "Arystanner"]
[Black "Chessdemon2019"]
[Result "1-0"]
[WhiteElo "2837"]
[BlackElo "2462"]
[TimeControl "180+1"]
[EndTime "14:02:17 PDT"]
[Termination "Arystanner won by resignation"]

1. d4 e6 2. Nf3 Nf6 3. c4 b6 4. g3 Bb7 5. Bg2 Bb4+ 6. Bd2 Bxd2+ 7. Qxd2 O-O 8. Nc3 d6 9. Qc2 Nbd7 10. O-O Qe7 11.
Rad1 c5 12. d5 exd5 13. cxd5 Rfe8 14. Rfe1 Ne5 15. Nxe5 Qxe5 16. e4 Bc8 17. f4 Qe7 18. e5 dxe5 19. d6 1-0

[Event "Late-Titled-Tuesday-Blitz-May-14-2024"]
[Site "Chess.com"]
[Date "2024.05.14"]
[Round "1"]
[White "xasid81"]
[Black "Hirna2005"]
[Result "1-0"]
[WhiteElo "2627"]
[BlackElo "2310"]
[TimeControl "180+1"]
[EndTime "14:02:23 PDT"]
[Termination "xasid81 won by resignation"]

1. Nf3 g6 2. e4 Bg7 3. Nc3 d6 4. d4 a6 5. a4 Nc6 6. Bc4 e5 7. dxe5 Nxe5 8. Nxe5 Bxe5 9. O-O Bg7 10. f4 Be6 11. Bxe6 fxe6 12. f5 exf5 13. exf5 gxf5 14.
Qh5+ Kf8 15. Qxf5+ Nf6 16. Nd5 Kf7 17. Nxf6 Bxf6 18.
Bg5 1-0

[Event "Late-Titled-Tuesday-Blitz-May-14-2024"]
[Site "Chess.com"]
[Date "2024.05.14"]
[Round "1"]
[White "XDPS"]
[Black "tgpgoat"]
[Result "1-0"]
[WhiteElo "2805"]
[BlackElo "2450"]
[TimeControl "180+1"]
[EndTime "14:02:29 PDT"]
[Termination "XDPS won by resignation"]

1. d4 Nf6 2. Nf3 c5 3. d5 b5 4. a4 bxa4 5. c4 d6 6. Nc3 g6 7. e4 Bg7 8. Bd3 O-O 9. O-O Nbd7 10. Rxa4 Nb6 11. Ra2 Nfd7 12. Re1 a5 13. Bg5 Ba6 14. Nd2 h6 15. Bf4 Bb7 16. Qc2 Ne5 17. Bf1 Ba6 18. b3 Qc7 19. h3 Rfb8 20. Be3 Ned7 21. Rxa5 Nxc4 22. Nxc4 Bxc4 23. Rxa8 Rxa8 24. bxc4 Qa5 25. Rc1 Rb8 26. Nb5 Nb6 27. Qd2 Kh7 28. Qxa5 1-0

[Event "Late-Titled-Tuesday-Blitz-May-14-2024"]
[Site "Chess.com"]
[Date "2024.05.14"]
[Round "1"]
[White "whiteglovethief"]
[Black "rychessmaster1"]
[Result "0-1"]
[WhiteElo "2428"]
[BlackElo "2757"]
[TimeControl "180+1"]
[EndTime "14:02:29 PDT"]
[Termination "rychessmaster1 won by resignation"]

1. d4 Nf6 2. c4 e6 3. Nf3 b6 4.
g3 Ba6 5. Nbd2 Bb7 6. Bg2 c5 7. O-O cxd4 8. Nxd4 Bxg2 9. Kxg2 Qc8 10. b3 Be7 11. e4 d6 12. Ba3 Nbd7 13. Qe2 O-O 14.
N2f3 Qb7 15. Rfe1 a6 16. e5 Nxe5 0-1

[Event "Late-Titled-Tuesday-Blitz-May-14-2024"]
[Site "Chess.com"]
[Date "2024.05.14"]
[Round "1"]
[White "dealshark"]
[Black "MikeSailer"]
[Result "1-0"]
[WhiteElo "2564"]
[BlackElo "2063"]
[TimeControl "180+1"]
[EndTime "14:02:29 PDT"]
[Termination "dealshark won by resignation"]

1. e4 d5 2. exd5 Qxd5 3. h3 Nf6 4. Nc3 Qd6 5. Nf3 c6 6. Bc4 Bf5 7. d4 e6 8. O-O Nbd7 9. Qe2 Nb6 10. Bb3 Be7 11.
Re1 O-O 12. Bg5 h6 13. Bh4 Qc7 14. Rad1 a5 15. a3 a4 16. Ba2 Ra5 17. g4 Bh7 18. Bg3 Nbd5 19. Bxc7 Nxc7 20. Ne5 1-0

[Event "Late-Titled-Tuesday-Blitz-May-14-2024"]
[Site "Chess.com"]
[Date "2024.05.14"]
[Round "1"]
[White "marcodobrikov"]
[Black "hawes33"]
[Result "0-1"]
[WhiteElo "2657"]
[BlackElo "2385"]
[TimeControl "180+1"]
[EndTime "14:02:45 PDT"]
[Termination "hawes33 won by resignation"]

1. Nf3 c5 2. e3 Nf6 3. d4 e6 4. c4 d5 5. cxd5 cxd4 6. dxe6 Bxe6 7. Nxd4 Bb4+ 8. Bd2 Bxd2+ 9. Qxd2 O-O 10. Nxe6 fxe6 11. Qxd8 Rxd8 12. Nc3 Nc6 13. Bc4 Kf7 14. Ke2 Ne5 15.
Bb3 a6 16. Rhd1 b5 17. h3 Rac8 18. Rac1 Nc4 19. Bxc4 Rxd1 20. Bxe6+ Kxe6 21. Rxd1 b4 22. Na4 Ne4 23. Kf3 Ke5 24. Rd4 Rf8+ 25. Ke2 Rxf2+ 26. Ke1 Rxg2 27. Rxb4 Rh2 28. Nb6 Rxh3 29. Nc4+ Kd5 30.
Ra4 Nc5 31. Rb4 a5 32. Nxa5 Nd3+ 0-1

[Event "Late-Titled-Tuesday-Blitz-May-14-2024"]
[Site "Chess.com"]
[Date "2024.05.14"]
[Round "1"]
[White "Anton_Demchenko"]
[Black "szachmistrz2500"]
[Result "1-0"]
[WhiteElo "2870"]
[BlackElo "2489"]
[TimeControl "180+1"]
[EndTime "14:03:03 PDT"]
[Termination "Anton_Demchenko won by resignation"]

1. e4 c5 2. Nc3 e6 3. a4 Nc6 4.
Bb5 Nge7 5. d3 a6 6. Bc4 d5 7. Ba2 dxe4 8. Nxe4 Nd5 9. Nf3 Be7 10.
O-O O-O 11. c3 b5 12. Bb1 Bb7 13. Re1 Qd7 14. Qc2 Rad8 15. d4 f5 16. Nxc5 Bxc5 17.
dxc5 b4 18. Bg5 Rde8 19. Ba2 bxc3 20. bxc3 h6 21. Bd2 Qe7 22. Bxd5 1-0

[Event "Late-Titled-Tuesday-Blitz-May-14-2024"]
[Site "Chess.com"]
[Date "2024.05.14"]
[Round "1"]
[White "FairChess_on_YouTube"]
[Black "GMAneta"]
[Result "1-0"]
[WhiteElo "3080"]
[BlackElo "2541"]
[TimeControl "180+1"]
[EndTime "14:03:05 PDT"]
[Termination "FairChess_on_YouTube won by resignation"]

1. Nf3 Nf6 2. g3 d5 3. Bg2 g6 4.
c4 dxc4 5. Na3 Bg7 6. Nxc4 O-O 7. O-O c5 8. b3 Ne4 9. Bb2 Bxb2 10. Nxb2 Nc6 11.
Na4 b6 12. d3 Nd6 13. Ne5 Nxe5 14. Bxa8 Bd7 15. Bg2 Bxa4 16. bxa4 Nf5 17. Qd2 Nd4 18. Rfc1 Qd6 19. Rab1 Qe6 20. a5 Nec6 21. e3 Nf5 22. axb6 axb6 23. Rxb6 Rc8 24. Rxc5 1-0

[Event "Late-Titled-Tuesday-Blitz-May-14-2024"]
[Site "Chess.com"]
[Date "2024.05.14"]
[Round "1"]
[White "AlexOstrovskiy"]
[Black "kaanadayhamle"]
[Result "1-0"]
[WhiteElo "2731"]
[BlackElo "2400"]
[TimeControl "180+1"]
[EndTime "14:03:09 PDT"]
[Termination "AlexOstrovskiy won by resignation"]

1. e4 e5 2. Nf3 Nc6 3. Bc4 Nf6 4. d4 exd4 5. e5 d5 6. Bb5 Ne4 7. Nxd4 Bd7 8. Bxc6 bxc6 9. O-O Be7 10. f3 Nc5 11. f4 Ne6 12. f5 Nxd4 13. Qxd4 Bg5 14. e6 fxe6 15. fxe6 Bxe6 16. Qe5 Bxc1 17. Qxe6+ Qe7 18. Qxc6+ 1-0

[Event "Late-Titled-Tuesday-Blitz-May-14-2024"]
[Site "Chess.com"]
[Date "2024.05.14"]
[Round "1"]
[White "Polish_fighter3000"]
[Black "colegiodemadrid"]
[Result "1-0"]
[WhiteElo "3104"]
[BlackElo "2543"]
[TimeControl "180+1"]
[EndTime "14:03:11 PDT"]
[Termination "Polish_fighter3000 won by resignation"]

1. g3 Nf6 2. Bg2 g6 3. e4 e5 4. d4 exd4 5. e5 Qe7 6. Nf3 d6 7. O-O dxe5 8. Nxe5 Bg7 9. Re1 O-O 10. Nxg6 Qd6 11. Bf4 Qd8 12. Nxf8 Kxf8 13. Na3 a6 14. c3 c5 15. cxd4 cxd4 16. Nc4 Nc6 17. Qb3 Be6 18. Rxe6 fxe6 19. Qxb7 e5 20. Bxe5 Nxe5 21.
Nxe5 1-0

[Event "Late-Titled-Tuesday-Blitz-May-14-2024"]
[Site "Chess.com"]
[Date "2024.05.14"]
[Round "1"]
[White "PNEPaul"]
[Black "BabyAnton"]
[Result "0-1"]
[WhiteElo "1923"]
[BlackElo "2552"]
[TimeControl "180+1"]
[EndTime "14:03:19 PDT"]
[Termination "BabyAnton won by resignation"]

1. e4 e5 2. Nf3 Nc6 3. Bc4 Nf6 4.
d4 exd4 5. O-O Bc5 6. e5 d5 7. exf6 dxc4 8. Re1+ Be6 9. Ng5 Qxf6 10. Nxe6 fxe6 11. Qh5+ Qg6 12. Qxc5 O-O-O 13. Qxc4 Rd5 14. Qd3 Rf5 15. Qg3 Qf6 16. Nd2 Rf8 17. Ne4 Qe7 18. Bg5 Qb4 19. c3 Qxb2 20. cxd4 Nxd4 21. Be7 Ne2+ 0-1

[Event "Late-Titled-Tuesday-Blitz-May-14-2024"]
[Site "Chess.com"]
[Date "2024.05.14"]
[Round "1"]
[White "NateSolon"]
[Black "glebus008"]
[Result "1-0"]
[WhiteElo "2681"]
[BlackElo "2364"]
[TimeControl "180+1"]
[EndTime "14:03:24 PDT"]
[Termination "NateSolon won by checkmate"]

1. d4 d5 2. Bf4 Nf6 3. e3 c5 4.
Nf3 Nc6 5. Nbd2 cxd4 6. exd4 Bg4 7.
c3 Bxf3 8. Nxf3 e6 9. Qb3 Qc8 10. Bd3 Be7 11. O-O O-O 12. Rae1 Rd8 13. Ne5 Nxe5 14. dxe5 Nd7 15. Qd1 Nf8 16. Re3 Ng6 17.
Qh5 d4 18. Rh3 dxc3 19. Qxh7+ Kf8 20. Qh8+ Nxh8 21. Rxh8# 1-0

[Event "Late-Titled-Tuesday-Blitz-May-14-2024"]
[Site "Chess.com"]
[Date "2024.05.14"]
[Round "1"]
[White "Hikaru"]
[Black "zajka-molotok"]
[Result "1-0"]
[WhiteElo "3235"]
[BlackElo "2552"]
[TimeControl "180+1"]
[EndTime "14:03:27 PDT"]
[Termination "Hikaru won by resignation"]

1. b3 d5 2. Bb2 Nf6 3. e3 Bf5 4. Nf3 e6 5. Nh4 Bg4 6. f3 Bh5 7. g3 Be7 8. Be2 c5 9. O-O O-O 10. g4 Bg6 11. g5 Nfd7 12. f4 Nc6 13. Nxg6 hxg6 14. Bg4 d4 15. Na3 e5 16. h4 Nb6 17.
f5 gxf5 18. Bxf5 Nd5 19. Qh5 g6 20. Bxg6 fxg6 21. Qxg6+ Kh8 22. Qh6+ Kg8 23. g6 Rxf1+ 24. Rxf1 Nf6 25. Rxf6 Bxf6 26. Qh7+ 1-0

[Event "Late-Titled-Tuesday-Blitz-May-14-2024"]
[Site "Chess.com"]
[Date "2024.05.14"]
[Round "1"]
[White "ccccvhhhj"]
[Black "ViIIagra"]
[Result "0-1"]
[WhiteElo "2464"]
[BlackElo "2838"]
[TimeControl "180+1"]
[EndTime "14:03:33 PDT"]
[Termination "ViIIagra won by checkmate"]

1. e4 d6 2. d4 Nf6 3. Nc3 g6 4. f3 a6 5. Be3 b5 6. Qd2 Bb7 7. g4 Nbd7 8. O-O-O Nb6 9. b3 b4 10. Nce2 h5 11. g5 Nfd7 12. Qxb4 a5 13. Qd2 a4 14.
Kb1 Bg7 15. Nc1 O-O 16. Bg2 axb3 17. cxb3 Qb8 18. f4 Nc4 19. bxc4 Bxe4+ 20. Ka1 Qb1# 0-1

[Event "Late-Titled-Tuesday-Blitz-May-14-2024"]
[Site "Chess.com"]
[Date "2024.05.14"]
[Round "1"]
[White "Michalczak"]
[Black "TheSilmarils"]
[Result "0-1"]
[WhiteElo "2500"]
[BlackElo "2894"]
[TimeControl "180+1"]
[EndTime "14:03:37 PDT"]
[Termination "TheSilmarils won by checkmate"]

1. e4 c6 2. d4 d5 3. Nc3 dxe4 4. Nxe4 Bf5 5. Ng3 Bg6 6. h4 h6 7. Nf3 Nd7 8. h5 Bh7 9. Bd3 Bxd3 10. Qxd3 e6 11. Bf4 Qa5+ 12. Bd2 Qc7 13. O-O-O Ngf6 14. Kb1 O-O-O 15. Qe2 Bd6 16. Ne4 Nxe4 17. Qxe4 Nf6 18. Qe2 Rd7 19. Ne5 Bxe5 20. dxe5 Nd5 21. c4 Ne7 22. g4 Rhd8 23. f4 c5 24. Be3 Qc6 25.
Bf2 Rxd1+ 26. Rxd1 Rxd1+ 27. Qxd1 Qe4+ 28. Qc2 Qxf4 29. Bxc5 Nc6 30. Bd6 Qxg4 31. Qh7 Qd1# 0-1

[Event "Late-Titled-Tuesday-Blitz-May-14-2024"]
[Site "Chess.com"]
[Date "2024.05.14"]
[Round "1"]
[White "lucasmito"]
[Black "KebabJangles"]
[Result "1-0"]
[WhiteElo "2698"]
[BlackElo "2371"]
[TimeControl "180+1"]
[EndTime "14:03:39 PDT"]
[Termination "lucasmito won by resignation"]

1. e4 c5 2. Nf3 e6 3. Nc3 Nc6 4. d4 cxd4 5. Nxd4 a6 6. Be3 Nxd4 7. Qxd4 d6 8. O-O-O Bd7 9. f4 Rc8 10. g4 Be7 11. g5 f6 12. h4 h6 13. Rg1 Kf8 14. gxf6 Nxf6 15. e5 Ne8 16. exd6 Bf6 17. Qb4 Bxc3 18. bxc3 b5 19. Bd4 Nf6 20. Rg6 Qe8 21.
Bd3 Qf7 22. Rdg1 Rg8 23. Bxf6 1-0

[Event "Late-Titled-Tuesday-Blitz-May-14-2024"]
[Site "Chess.com"]
[Date "2024.05.14"]
[Round "1"]
[White "trriinu"]
[Black "english_player_89"]
[Result "0-1"]
[WhiteElo "2251"]
[BlackElo "2606"]
[TimeControl "180+1"]
[EndTime "14:03:47 PDT"]
[Termination "english_player_89 won by resignation"]

1. e4 e5 2. Nc3 Nf6 3. g3 Nc6 4. Bg2 Bc5 5. d3 d6 6. Nge2 h5 7. Na4 Bb4+ 8. c3 Ba5 9. b4 Bb6 10. Nxb6 axb6 11. O-O h4 12. f4 hxg3 13. Nxg3 Bh3 14. f5 Bxg2 15. Kxg2 d5 16. Bg5 dxe4 17. dxe4 Qxd1 18. Rfxd1 Ra3 19. Rd3 Nxb4 20. Rd2 Rxc3 21.
Rad1 Nc6 22. Bxf6 gxf6 23. Rd7 Nd4 24. Rd5 Rc2+ 25. Kg1 Nf3+ 26. Kf1 Nxh2+ 27. Ke1 Nf3+ 28. Kf1 Nd4 0-1

[Event "Late-Titled-Tuesday-Blitz-May-14-2024"]
[Site "Chess.com"]
[Date "2024.05.14"]
[Round "1"]
[White "ACollins05"]
[Black "FabianoCaruana"]
[Result "0-1"]
[WhiteElo "2539"]
[BlackElo "3072"]
[TimeControl "180+1"]
[EndTime "14:03:57 PDT"]
[Termination "FabianoCaruana won by resignation"]

1. Nf3 g6 2. d4 Bg7 3. e3 d6 4. b3 f5 5. Bb2 Nf6 6. Nbd2 O-O 7. Be2 c6 8. O-O Qc7 9. c4 Re8 10. Rc1 a5 11. Re1 Nbd7 12. Qc2 e5 13. dxe5 Nxe5 14.
Red1 h6 15. Nd4 Bd7 16. N2f3 Kh7 17. h3 Ne4 18. Nxe5 dxe5 19. Nf3 Nc5 20. Ba3 b6 21. Rd2 e4 22. Nd4 f4 23. exf4 Qxf4 24. Rcd1 e3 25. fxe3 Qxe3+ 26. Kh1 Ne4 27. Rd3 Nf2+ 28. Kh2 Be5+ 29. Kg1 Nxd3+ 30. Kh1 Nf2+ 31. Kg1 Nxd1+ 0-1

[Event "Late-Titled-Tuesday-Blitz-May-14-2024"]
[Site "Chess.com"]
[Date "2024.05.14"]
[Round "1"]
[White "chessdjw"]
[Black "Eloist"]
[Result "1-0"]
[WhiteElo "2756"]
[BlackElo "2422"]
[TimeControl "180+1"]
[EndTime "14:03:57 PDT"]
[Termination "chessdjw won by resignation"]

1. e4 e6 2. d4 d5 3. exd5 exd5 4. Nf3 Bf5 5. c4 Bxb1 6. Rxb1 Bb4+ 7. Bd2 Bxd2+ 8. Qxd2 Nf6 9. Bd3 O-O 10. O-O dxc4 11.
Bxc4 Nc6 12. a3 Qd6 13. Rfe1 Rad8 14. Rbd1 Rfe8 15. Ng5 Rxe1+ 16. Qxe1 Nxd4 17. Nxf7 Nf3+ 18. gxf3 Qxd1 19. Nxd8+ 1-0

[Event "Late-Titled-Tuesday-Blitz-May-14-2024"]
[Site "Chess.com"]
[Date "2024.05.14"]
[Round "1"]
[White "MeesvanOsch"]
[Black "lcmil"]
[Result "0-1"]
[WhiteElo "2359"]
[BlackElo "2681"]
[TimeControl "180+1"]
[EndTime "14:04:00 PDT"]
[Termination "lcmil won by resignation"]

1. e4 c5 2. Nf3 d6 3. d4 cxd4 4.
Nxd4 Nf6 5. Nc3 g6 6. Be3 Bg7 7. f3 O-O 8. Qd2 Nc6 9. O-O-O Bd7 10.
Kb1 Rc8 11. h4 Ne5 12. h5 Nxh5 13. g4 Ng3 14. Rh3 Nxf1 15. Rxf1 Nc4 16. Qd3 Qb6 0-1

[Event "Late-Titled-Tuesday-Blitz-May-14-2024"]
[Site "Chess.com"]
[Date "2024.05.14"]
[Round "1"]
[White "zimmm36"]
[Black "patzer-reloaded"]
[Result "1-0"]
[WhiteElo "2717"]
[BlackElo "2386"]
[TimeControl "180+1"]
[EndTime "14:04:09 PDT"]
[Termination "zimmm36 won by resignation"]

1. e4 d6 2. d4 Nf6 3. Nc3 g6 4. Be3 c6 5. Nf3 Bg4 6. h3 Bxf3 7. Qxf3 Nbd7 8. O-O-O Qc7 9. Bc4 Bg7 10. Bb3 e6 11. g4 b5 12. h4 h5 13. g5 Ng4 14. d5 Nxe3 15. dxe6 fxe6 16. Qxe3 Nc5 17. f4 a5 18. f5 Nxb3+ 19. axb3 O-O 20. f6 Bh8 21. e5 d5 22. Ne2 c5 23. Nf4 Qf7 24. Qd3 c4 25. Qxg6+ 1-0

[Event "Late-Titled-Tuesday-Blitz-May-14-2024"]
[Site "Chess.com"]
[Date "2024.05.14"]
[Round "1"]
[White "familijatop71"]
[Black "TheKnightOfBosnia"]
[Result "0-1"]
[WhiteElo "2318"]
[BlackElo "2637"]
[TimeControl "180+1"]
[EndTime "14:04:15 PDT"]
[Termination "TheKnightOfBosnia won by resignation"]

1. e4 c5 2. c3 d6 3. d4 Nf6 4. Bd3 e5 5. dxe5 dxe5 6. Nf3 Nc6 7. h3 Bd6 8. O-O h6 9. Nbd2 O-O 10. Nc4 Bc7 11.
Ne3 Be6 12. c4 Nd4 13. Nd5 Bxd5 14. cxd5 Re8 15. b3 Qd7 16. a4 Rad8 17. Nxd4 exd4 18. Bb5 Qd6 19. f4 Rxe4 20. Bd3 Re7 21. Qf3 Qxd5 22.
Qxd5 Nxd5 23. f5 Be5 24. Ba3 b6 25. a5 Nf4 26. Bc4 d3 27. axb6 Bxa1 0-1

[Event "Late-Titled-Tuesday-Blitz-May-14-2024"]
[Site "Chess.com"]
[Date "2024.05.14"]
[Round "1"]
[White "DominguezOnYoutube"]
[Black "Balla_Tamas"]
[Result "1-0"]
[WhiteElo "3023"]
[BlackElo "2533"]
[TimeControl "180+1"]
[EndTime "14:04:29 PDT"]
[Termination "DominguezOnYoutube won by resignation"]

1. e4 c5 2. Nf3 Nc6 3. d4 cxd4 4. Nxd4 e5 5. Nb5 d6 6. c4 Be7 7. N1c3 a6 8. Na3 f5 9. exf5 Bxf5 10. Bd3 Be6 11.
Nc2 Nf6 12. O-O O-O 13. Ne3 Qd7 14. Ned5 Rae8 15. Be3 Bd8 16. f3 Ne7 17. Nxe7+ Rxe7 18. b3 Qc6 19. Qd2 Bb6 20. Bxb6 Qxb6+ 21. Kh1 Qd4 22.
Rad1 Qh4 23. Ne4 Rd7 24. Qg5 Qh5 25. Nxf6+ 1-0

[Event "Late-Titled-Tuesday-Blitz-May-14-2024"]
[Site "Chess.com"]
[Date "2024.05.14"]
[Round "1"]
[White "mostafa_sakha"]
[Black "B_nn_t"]
[Result "1-0"]
[WhiteElo "2354"]
[BlackElo "2641"]
[TimeControl "180+1"]
[EndTime "14:04:38 PDT"]
[Termination "mostafa_sakha won by resignation"]

1. d4 Nf6 2. c4 e6 3. Nc3 Bb4 4. e3 O-O 5. Bd3 d5 6. Nf3 b6 7. O-O Bb7 8. cxd5 exd5 9. Ne5 Ne4 10. Nxe4 dxe4 11. Bc4 Nd7 12. Nxf7 Rxf7 13. Bxf7+ Kxf7 14. Qb3+ Kf8 15. Qxb4+ Kg8 16. Bd2 Nf6 17. Rac1 Nd5 18. Qb3 Kh8 19. f3 Nf6 20. Qe6 exf3 21. gxf3 Bd5 22.
Qe5 c5 23. e4 Bxa2 24. d5 Qf8 25.
Bc3 Re8 26. Qg5 Qf7 27. Kh1 h6 28. Qh4 b5 29. Bxf6 Qxf6 30. Qxf6 gxf6 31. Rxc5 f5 32. Re1 a6 33. e5 Kg7 34. d6 Be6 35. Rc7+ Kg6 36. Rg1+ Kh5 37. Re7 1-0

[Event "Late-Titled-Tuesday-Blitz-May-14-2024"]
[Site "Chess.com"]
[Date "2024.05.14"]
[Round "1"]
[White "Ykow"]
[Black "Duhless"]
[Result "0-1"]
[WhiteElo "2543"]
[BlackElo "3108"]
[TimeControl "180+1"]
[EndTime "14:04:43 PDT"]
[Termination "Duhless won by resignation"]

1. e4 c5 2. Nf3 d6 3. Nc3 Nf6 4. d4 cxd4 5. Nxd4 Nc6 6. f3 e5 7. Nb3 Be7 8. Be3 O-O 9. Qe2 a5 10. a4 Be6 11. O-O-O Nb4 12. Qb5 Qc8 13. Kb1 d5 14.
Bc5 Bd7 15. Qb6 Bd8 16. Qd6 Re8 17. Bxb4 Bc7 18. Qc5 b6 19. Qf2 axb4 20. Nxd5 Nxd5 21.
exd5 Rxa4 22. Bd3 Qa8 23. Qh4 h6 24. Rhe1 Bd8 25. Qe4 f5 26. Qe3 Qa7 27. g4 Bg5 28. Qe2 Ra8 29. c3 bxc3 30. d6 Be6 0-1

[Event "Late-Titled-Tuesday-Blitz-May-14-2024"]
[Site "Chess.com"]
[Date "2024.05.14"]
[Round "1"]
[White "hikaruchija"]
[Black "klifus"]
[Result "1-0"]
[WhiteElo "2572"]
[BlackElo "2138"]
[TimeControl "180+1"]
[EndTime "14:04:43 PDT"]
[Termination "hikaruchija won by resignation"]

1. e4 c5 2. Nc3 Nc6 3. g3 g6 4. Bg2 Bg7 5. d3 e6 6. Be3 d6 7. Qd2 Bd7 8. Nge2 Nd4 9. Nc1 Rb8 10. Nd1 b5 11. c3 Nc6 12. Ne2 b4 13. d4 bxc3 14.
bxc3 cxd4 15. Nxd4 Qa5 16. Nxc6 Bxc6 17. O-O d5 18.
exd5 Bxd5 19. Bxd5 Qxd5 20. Qxd5 exd5 21. Bxa7 Rb7 22.
Re1+ Kd7 23. Bd4 Bxd4 24. cxd4 Nf6 25. Nc3 Rc8 26. Na4 Rb4 27. Nc5+ Kd6 28. Red1 Ne4 29. Nxe4+ dxe4 30. a4 Ra8 31. a5 Rb5 32. a6 Rb6 33. a7 Rb7 34. Ra6+ Kd5 35. Ra5+ Kd6 36. Rda1 f5 37. Kf1 Rb4 38. d5 Rd4 39. Ke2 Rxd5 40. Rxd5+ Kxd5 41. Ke3 Kc5 42. Kf4 Kb6 43. Kg5 Rxa7 44.
Rxa7 Kxa7 45. Kh6 Kb6 46. h4 Kc5 47. Kxh7 Kd4 48. Kxg6 e3 49. fxe3+ Kxe3 50. Kxf5 Kf3 51. h5 Ke3 52. h6 1-0

[Event "Late-Titled-Tuesday-Blitz-May-14-2024"]
[Site "Chess.com"]
[Date "2024.05.14"]
[Round "1"]
[White "LUISMIGUELOV"]
[Black "BabageldiAnnaberdiyev"]
[Result "0-1"]
[WhiteElo "2224"]
[BlackElo "2592"]
[TimeControl "180+1"]
[EndTime "14:04:48 PDT"]
[Termination "BabageldiAnnaberdiyev won by resignation"]

1. d4 e6 2. c3 d5 3. Bf4 Bd6 4. e3 f5 5. Bxd6 Qxd6 6. f4 Nf6 7. Nf3 O-O 8. Nbd2 c5 9. g3 cxd4 10. exd4 Ne4 11. Be2 Nc6 12. O-O Bd7 13. Ne5 Nxe5 14. fxe5 Qb6 15. Nxe4 fxe4 16. Qd2 Bb5 17. Rxf8+ Rxf8 18. Bg4 h6 19. a4 Bd3 20. a5 Qc6 21. Be2 Bxe2 22. Qxe2 Rf5 23. Rf1 Rxf1+ 24. Kxf1 Qa4 25. Qg4 Kf7 26. Qh5+ Ke7 27. Qh4+ Kd7 28. Qg4 Qa1+ 29. Kg2 Qxb2+ 30. Kh3 g5 31. Qh5 Qf2 32. Qxh6 Qf1+ 33. Kg4 Qf5+ 34. Kh5 Qh3+ 35. Kg6 Qxh6+ 36. Kxh6 e3 37.
h4 e2 38. hxg5 e1=Q 39. g6 Qxg3 40. g7 Ke7 41. Kh7 Kf7 42. g8=N Qxg8+ 0-1

[Event "Late-Titled-Tuesday-Blitz-May-14-2024"]
[Site "Chess.com"]
[Date "2024.05.14"]
[Round "1"]
[White "rdarruda"]
[Black "h4parah5"]
[Result "0-1"]
[WhiteElo "2534"]
[BlackElo "3034"]
[TimeControl "180+1"]
[EndTime "14:04:55 PDT"]
[Termination "h4parah5 won by resignation"]

1. Nf3 c5 2. c4 Nc6 3. Nc3 Nf6 4. d4 cxd4 5. Nxd4 e6 6. g3 Qb6 7. Nb3 Ne5 8. Bg2 Nxc4 9. O-O Bb4 10. e4 d6 11. Qe2 Ne5 12. Be3 Qa6 13. Qxa6 bxa6 14. Rad1 O-O 15. h3 Bb7 16. a3 Bxc3 17. bxc3 Nc4 18. Bg5 Nxe4 19. Bc1 Nc5 20. Bxb7 Nxb7 21. Rd3 Rac8 22. Rfd1 d5 23. Kg2 Nbd6 24. Bf4 Ne4 25. Bc1 Nc5 26. Nxc5 Rxc5 27. a4 Ra5 28. Be3 Nb2 0-1

[Event "Late-Titled-Tuesday-Blitz-May-14-2024"]
[Site "Chess.com"]
[Date "2024.05.14"]
[Round "1"]
[White "Arimin1329"]
[Black "angelgab3"]
[Result "0-1"]
[WhiteElo "2381"]
[BlackElo "2711"]
[TimeControl "180+1"]
[EndTime "14:04:55 PDT"]
[Termination "angelgab3 won by checkmate"]

1. Nf3 d5 2. g3 Nf6 3. Bg2 c5 4. O-O e6 5. d3 Nc6 6. Nbd2 Be7 7.
e4 b6 8. Re1 Bb7 9. Qe2 Qc7 10.
c3 h6 11. a4 g5 12. h4 gxh4 13. Nxh4 O-O-O 14. exd5 Nxd5 15. Nc4 Bxh4 16. gxh4 Rdg8 17. Kh1 Nf4 18. Bxf4 Qxf4 19. Qe4 Rg4 20. Qxf4 Rxf4 21. Nd6+ Kc7 22. Nxb7 Rxh4+ 23. Kg1 Rg8 24. Nxc5 bxc5 25.
Kf1 Ne7 26. Be4 Kd6 27. Ke2 f5 28. Bf3 Rb8 29. Rab1 Rxa4 30. Rh1 Ra2 31. Rxh6 Rbxb2+ 32. Rxb2 Rxb2+ 33. Ke3 a5 34. Rh8 Rc2 35. c4 Ke5 36. Ra8 f4# 0-1

[Event "Late-Titled-Tuesday-Blitz-May-14-2024"]
[Site "Chess.com"]
[Date "2024.05.14"]
[Round "1"]
[White "Oleksandr_Bortnyk"]
[Black "GrotBchess"]
[Result "1-0"]
[WhiteElo "3048"]
[BlackElo "2535"]
[TimeControl "180+1"]
[EndTime "14:05:05 PDT"]
[Termination "Oleksandr_Bortnyk won by resignation"]

1. e4 c5 2. c3 Nf6 3. e5 Nd5 4. d4 cxd4 5. Nf3 e6 6. cxd4 d6 7. Bc4 Be7 8. O-O O-O 9. Qe2 b6 10. Nbd2 Bb7 11. Ne4 Nc6 12. Bd2 h6 13. Rac1 Rc8 14.
a3 Rc7 15. Rfd1 dxe5 16. dxe5 Qa8 17. Bxd5 exd5 18. Nd6 Bxd6 19. exd6 Rd7 20. Bf4 Nd8 21. Nd4 Nc6 22. Nf5 Qd8 23. Qg4 g6 24. Nxh6+ Kh7 25.
Rc3 f5 26. Qh3 Kg7 27. Rxc6 Bxc6 28. Qc3+ Qf6 29. Be5 Qxe5 30. Qxe5+ Kxh6 31. Qe3+ Kg7 32. Qc3+ 1-0

[Event "Late-Titled-Tuesday-Blitz-May-14-2024"]
[Site "Chess.com"]
[Date "2024.05.14"]
[Round "1"]
[White "munozmiguelangel1982"]
[Black "Statham_01"]
[Result "0-1"]
[WhiteElo "2279"]
[BlackElo "2609"]
[TimeControl "180+1"]
[EndTime "14:05:07 PDT"]
[Termination "Statham_01 won by resignation"]

1. d4 e5 2. d5 Bc5 3. e3 d6 4. c4 f5 5. Nc3 Nf6 6. Nf3 O-O 7.
Be2 e4 8. Nd4 Qe8 9. a3 a6 10.
b4 Ba7 11. Bb2 Nbd7 12. Qd2 Ne5 13. f4 exf3 14. gxf3 Qh5 15. O-O-O Qh6 16. Rdg1 c5 17. bxc5 Bxc5 18. f4 Neg4 19. h3 Nf2 20. Rh2 N2e4 21. Nxe4 Nxe4 22. Qc2 Rf7 23. Bd3 Bd7 24. Bxe4 fxe4 25.
Qxe4 Re8 26. Qd3 b5 27. cxb5 Bxb5 28. Qd2 Qh5 29. Rhg2 g6 30. Kb1 Qxd5 31. Qf2 Bxd4 32. Bxd4 Qb3+ 33. Qb2 Bd3+ 34. Ka1 Qxb2+ 35. Kxb2 Rb7+ 36.
Kc3 Be4 37. Rb2 Rc8+ 38. Kd2 Rxb2+ 39. Bxb2 Rc2+ 40. Kd1 Rxb2 0-1

[Event "Late-Titled-Tuesday-Blitz-May-14-2024"]
[Site "Chess.com"]
[Date "2024.05.14"]
[Round "1"]
[White "Andrii_Prydun"]
[Black "Dhaydon19"]
[Result "0-1"]
[WhiteElo "2415"]
[BlackElo "2741"]
[TimeControl "180+1"]
[EndTime "14:05:09 PDT"]
[Termination "Dhaydon19 won by resignation"]

1. Nc3 c6 2. Nf3 d5 3. e4 Bg4 4.
h3 Bxf3 5. Qxf3 e6 6. a3 Nf6 7. Bd3 Nbd7 8. O-O Bd6 9. b4 O-O 10. Bb2 Ne5 11. Qe2 Nxd3 12. cxd3 Qc7 13. Rae1 Be5 14.
Na4 Bxb2 15. Nxb2 dxe4 16. dxe4 Rad8 17. Nc4 Rd4 18. f3 Nh5 19. Rf2 Nf4 20. Qf1 Nd3 21.
Rc1 Nxc1 22. Qxc1 Rfd8 23. Ne3 Qb6 24. Kf1 Qb5+ 25. Re2 0-1